| TOP OF THE 1ST |
|
Oakland Athletics batting - Pitching for California Angels : LHP Aldo Questi
|
|
Pitching: LHP Aldo Questi
|
|
|
Batting: LHB Nate Dean
|
0-0: Ball 1-0: Foul Ball, location: 2F 1-1: SOLO HOME RUN (Flyball, 9LD, EV 100.0 MPH), Distance : 355 ft
|
|
Batting: RHB Danny Murillo
|
0-0: Ball 1-0: Called Strike 1-1: Ball 2-1: Swinging Strike 2-2: Ball 3-2: Strikes out swinging
|
|
Batting: RHB Muneo Kawachi
|
0-0: Foul Ball, location: 2F 0-1: Ball 1-1: SINGLE (Line Drive, 9S, EV 91.3 MPH)
|
|
Batting: LHB Sakae Kasahara
|
0-0: Ball 1-0: SINGLE (Groundball, 34S, EV 73.8 MPH) (infield hit) Muneo Kawachi to second
|
|
Batting: SHB Bob Morales
|
0-0: Ball 1-0: Called Strike 1-1: Grounds into double play, 6-4-3 (Groundball, 6M, EV 90.6 MPH)
|
| Top of the 1st over - 1 run, 3 hits, 0 errors, 1 left on base; Oakland 1 - California 0 |
| BOTTOM OF THE 1ST |
|
California Angels batting - Pitching for Oakland Athletics : RHP Sean Hill
|
|
Pitching: RHP Sean Hill
|
|
|
Batting: LHB Javier Trujillo
|
0-0: Ball 1-0: Swinging Strike 1-1: Foul Ball, location: 2F 1-2: SINGLE (Line Drive, 8LS, EV 90.6 MPH)
|
|
Batting: RHB Preston Deakyne
|
0-0: Fly out, F8 (Flyball, 78S, EV 79.4 MPH)
|
|
Batting: LHB Josh Cook
|
0-0: Ball 1-0: Called Strike 1-1: Ball 2-1: Fly out, F8 (Flyball, 8RM, EV 76.9 MPH)
|
|
Batting: RHB Alain Delhaye
|
0-0: Ball 1-0: Ball 2-0: Called Strike 2-1: Ground out 6-3 (Groundball, P, EV 87.5 MPH)
|
| Bottom of the 1st over - 0 runs, 1 hit, 0 errors, 1 left on base; Oakland 1 - California 0 |
| TOP OF THE 2ND |
|
Oakland Athletics batting - Pitching for California Angels : LHP Aldo Questi
|
|
Batting: RHB Sébastien Piat
|
0-0: Fly out, F2 (Popup, 2RF, EV 87.5 MPH)
|
|
Batting: SHB Robert Handy
|
0-0: Called Strike 0-1: Foul Ball, location: 2F 0-2: Strikes out looking
|
|
Batting: LHB George Leary
|
0-0: Called Strike 0-1: Swinging Strike 0-2: Ball 1-2: Ground out 1-3 (Groundball, P, EV 70.6 MPH)
|
| Top of the 2nd over - 0 runs, 0 hits, 0 errors, 0 left on base; Oakland 1 - California 0 |
| BOTTOM OF THE 2ND |
|
California Angels batting - Pitching for Oakland Athletics : RHP Sean Hill
|
|
Batting: RHB Dietmar Warmisch
|
0-0: Ball 1-0: Called Strike 1-1: Ball 2-1: Called Strike 2-2: Ball 3-2: Ground out 6-3 (Groundball, 6, EV 101.3 MPH)
|
|
Batting: RHB Nick Dunn
|
0-0: Called Strike 0-1: Swinging Strike 0-2: Ball 1-2: Ball 2-2: Strikes out swinging
|
|
Batting: LHB Micah Miller
|
0-0: Called Strike 0-1: Called Strike 0-2: Fly out, F5 (Popup, 5SF, EV 86.9 MPH)
|
| Bottom of the 2nd over - 0 runs, 0 hits, 0 errors, 0 left on base; Oakland 1 - California 0 |
| TOP OF THE 3RD |
|
Oakland Athletics batting - Pitching for California Angels : LHP Aldo Questi
|
|
Batting: RHB Justin McQuarter
|
0-0: Called Strike 0-1: Ground out 5-3 (Groundball, 5, EV 101.9 MPH)
|
|
Batting: LHB Nate Dean
|
0-0: Ball 1-0: Swinging Strike 1-1: Foul Ball, location: 2F 1-2: Foul Ball, location: 2F 1-2: Ball 2-2: Foul Ball, location: 2F 2-2: Strikes out swinging
|
|
Batting: RHB Danny Murillo
|
0-0: Ball 1-0: Called Strike 1-1: Swinging Strike 1-2: Foul Ball, location: 2F 1-2: Foul Ball, location: 2F 1-2: SINGLE (Groundball, 34D, EV 108.1 MPH)
|
|
Batting: RHB Muneo Kawachi
|
0-0: Ball 1-0: Swinging Strike 1-1: Called Strike Danny Murillo steals 2nd base 1-2: Foul Ball, location: 2F 1-2: Ground out 4-3 (Groundball, 4, EV 77.5 MPH)
|
| Top of the 3rd over - 0 runs, 1 hit, 0 errors, 1 left on base; Oakland 1 - California 0 |
| BOTTOM OF THE 3RD |
|
California Angels batting - Pitching for Oakland Athletics : RHP Sean Hill
|
|
Batting: RHB Danny Odom
|
0-0: Called Strike 0-1: Ball 1-1: SOLO HOME RUN (Flyball, 7LD, EV 91.9 MPH), Distance : 342 ft
|
|
Batting: LHB Jack Bell
|
0-0: Foul Ball, location: 2F 0-1: Ball 1-1: Ball 2-1: Called Strike 2-2: Foul Ball, location: 2F 2-2: Ball 3-2: Foul Ball, location: 2F 3-2: Foul Ball, location: 2F 3-2: Base on Balls
|
|
Batting: LHB Javier Trujillo
|
0-0: Foul Ball, location: 2F 0-1: Ball 1-1: Ball 2-1: Called Strike 2-2: Foul Ball, location: 2F 2-2: Foul Ball, location: 2F 2-2: Ball 3-2: Base on Balls Jack Bell to second
|
|
Batting: RHB Preston Deakyne
|
0-0: DOUBLE (Line Drive, 5D, EV 101.3 MPH) Jack Bell scores Javier Trujillo to third Runner from 3rd tries for Home, SAFE, throw by LF to home
|
|
Batting: LHB Josh Cook
|
0-0: Ball 1-0: Foul Ball, location: 2F 1-1: Called Strike 1-2: Ball 2-2: Strikes out looking
|
|
Batting: RHB Alain Delhaye
|
0-0: Called Strike 0-1: Foul Ball, location: 2F 0-2: Ball 1-2: Fly out, F7 (Flyball, 7LM, EV 98.8 MPH)
|
|
Batting: RHB Dietmar Warmisch
|
0-0: Ball 1-0: Called Strike 1-1: Foul Ball, location: 2F 1-2: Ball 2-2: Foul Ball, location: 2F 2-2: Ball 3-2: Ground out 6-3 (Groundball, 6MS, EV 68.1 MPH)
|
| Bottom of the 3rd over - 3 runs, 2 hits, 0 errors, 1 left on base; Oakland 1 - California 3 |
| TOP OF THE 4TH |
|
Oakland Athletics batting - Pitching for California Angels : LHP Aldo Questi
|
|
Batting: LHB Sakae Kasahara
|
0-0: Called Strike 0-1: Ball 1-1: Ball 2-1: Ball 3-1: Foul Ball, location: 2F 3-2: Base on Balls
|
|
Batting: SHB Bob Morales
|
0-0: DOUBLE (Groundball, 5L, EV 104.4 MPH) Sakae Kasahara to third
|
|
Batting: RHB Sébastien Piat
|
0-0: Called Strike 0-1: Ball 1-1: Ball 2-1: Ball 3-1: Foul Ball, location: 2F 3-2: Foul Ball, location: 2F 3-2: Foul Ball, location: 2F 3-2: Foul Ball, location: 2F 3-2: Foul Ball, location: 2F 3-2: SINGLE (Flyball, 9S, EV 85.0 MPH) Sakae Kasahara scores Bob Morales to third
|
|
Batting: SHB Robert Handy
|
0-0: Ball 1-0: Called Strike 1-1: Ball 2-1: Foul Ball, location: 2F 2-2: Ball 3-2: Fly out, F4 (Flyball, 6D, EV 88.1 MPH)
|
|
Batting: LHB George Leary
|
0-0: Ball 1-0: Ball 2-0: Fly out, F7 (Flyball, 7LS, EV 91.9 MPH)
|
|
Batting: RHB Justin McQuarter
|
0-0: Ball 1-0: Foul Ball, location: 2F 1-1: Ball 2-1: Fielders Choice at 2nd, 6-4 (Groundball, 6, EV 105.0 MPH)
|
| Top of the 4th over - 1 run, 2 hits, 0 errors, 2 left on base; Oakland 2 - California 3 |
| BOTTOM OF THE 4TH |
|
California Angels batting - Pitching for Oakland Athletics : RHP Sean Hill
|
|
Batting: RHB Nick Dunn
|
0-0: Ball 1-0: Called Strike 1-1: Foul Ball, location: 2F 1-2: Foul Ball, location: 2F 1-2: Ball 2-2: Foul Ball, location: 2F 2-2: Ball 3-2: SOLO HOME RUN (Flyball, 7D, EV 98.8 MPH), Distance : 376 ft
|
|
Batting: LHB Micah Miller
|
0-0: Called Strike 0-1: Called Strike 0-2: Foul Ball, location: 2F 0-2: Ball 1-2: Strikes out swinging
|
|
Batting: RHB Danny Odom
|
0-0: Ball 1-0: Ground out 6-3 (Groundball, 6MS, EV 68.8 MPH)
|
|
Batting: LHB Jack Bell
|
0-0: Called Strike 0-1: Swinging Strike 0-2: Foul Ball, location: 2F 0-2: Ball 1-2: Foul Ball, location: 2F 1-2: Foul Ball, location: 2F 1-2: SOLO HOME RUN (Flyball, 9D, EV 93.1 MPH), Distance : 375 ft
|
|
Pitching: LHP Jamie Tanner
|
|
|
Batting: LHB Javier Trujillo
|
0-0: Ball 1-0: Called Strike 1-1: Ball 2-1: Ground out 6-3 (Groundball, 6, EV 85.6 MPH)
|
| Bottom of the 4th over - 2 runs, 2 hits, 0 errors, 0 left on base; Oakland 2 - California 5 |
| TOP OF THE 5TH |
|
Oakland Athletics batting - Pitching for California Angels : LHP Aldo Questi
|
|
Batting: LHB Nate Dean
|
0-0: SINGLE (Line Drive, 6D, EV 98.8 MPH)
|
|
Batting: RHB Danny Murillo
|
0-0: Ball 1-0: Called Strike 1-1: SINGLE (Popup, 4, EV 73.8 MPH) Nate Dean to second
|
|
Batting: RHB Muneo Kawachi
|
0-0: Called Strike 0-1: Called Strike 0-2: Ball 1-2: Ball 2-2: Ball 3-2: Base on Balls Nate Dean to third Danny Murillo to second
|
|
Batting: LHB Sakae Kasahara
|
0-0: Called Strike 0-1: Ball 1-1: Fly out, F7 (Flyball, 7LD, EV 73.8 MPH) Runner from 3rd tags up, SCORES, no throw by LF Danny Murillo to third
|
|
Batting: SHB Bob Morales
|
0-0: Ball Muneo Kawachi steals 2nd, throwing error, E2 Danny Murillo scores Muneo Kawachi to third 1-0: 2-RUN HOME RUN (Flyball, 78XD, EV 97.5 MPH), Distance : 396 ft
|
|
Pitching: RHP Austin Maki
|
|
|
Batting: RHB Sébastien Piat
|
0-0: Ball 1-0: Called Strike 1-1: Called Strike 1-2: Strikes out looking
|
|
Batting: SHB Robert Handy
|
0-0: Called Strike 0-1: Foul Ball, location: 2F 0-2: Fly out, F8 (Flyball, 8LXD, EV 78.8 MPH)
|
| Top of the 5th over - 4 runs, 3 hits, 1 error, 0 left on base; Oakland 6 - California 5 |
| BOTTOM OF THE 5TH |
|
California Angels batting - Pitching for Oakland Athletics : LHP Jamie Tanner
|
|
Batting: RHB Preston Deakyne
|
0-0: Ball 1-0: Ground out 6-3 (Groundball, 4M, EV 88.1 MPH)
|
|
Batting: LHB Josh Cook
|
0-0: Fly out, F9 (Flyball, 9, EV 90.0 MPH)
|
|
Batting: RHB Alain Delhaye
|
0-0: Ground out 6-3 (Groundball, 6S, EV 83.1 MPH)
|
| Bottom of the 5th over - 0 runs, 0 hits, 0 errors, 0 left on base; Oakland 6 - California 5 |
| TOP OF THE 6TH |
|
Oakland Athletics batting - Pitching for California Angels : RHP Austin Maki
|
|
Batting: LHB George Leary
|
0-0: Called Strike 0-1: Ball 1-1: Ball 2-1: Ball 3-1: Swinging Strike 3-2: Strikes out swinging
|
|
Batting: RHB Justin McQuarter
|
0-0: Called Strike 0-1: Foul Ball, location: 2F 0-2: Foul Ball, location: 2F 0-2: Fly out, F8 (Line Drive, 8RD, EV 98.1 MPH)
|
|
Batting: LHB Nate Dean
|
0-0: Ball 1-0: SINGLE (Groundball, 4MD, EV 110.0 MPH)
|
|
Batting: RHB Danny Murillo
|
0-0: Called Strike Nate Dean steals 2nd base (no throw) 0-1: Foul Ball, location: 2F 0-2: Ball 1-2: Ball 2-2: Ball 3-2: Fly out, F9 (Flyball, 89S, EV 97.5 MPH)
|
| Top of the 6th over - 0 runs, 1 hit, 0 errors, 1 left on base; Oakland 6 - California 5 |
| BOTTOM OF THE 6TH |
|
California Angels batting - Pitching for Oakland Athletics : LHP Jamie Tanner
|
|
Batting: RHB Dietmar Warmisch
|
0-0: Called Strike 0-1: Ball 1-1: Ball 2-1: Ball 3-1: Foul Ball, location: 2F 3-2: Base on Balls
|
|
Batting: RHB Nick Dunn
|
0-0: Swinging Strike 0-1: Foul Ball, location: 2F 0-2: Ball 1-2: SINGLE (Groundball, P, EV 86.3 MPH) (infield hit) Dietmar Warmisch to second
|
|
Batting: RHB Gael Jones
|
0-0: Grounds into double play, 6-4-3 (Groundball, 6, EV 102.5 MPH) Dietmar Warmisch to third
|
|
Batting: RHB Danny Odom
|
0-0: Called Strike 0-1: Foul Ball, location: 2F 0-2: Foul Ball, location: 7LSF, Error on foul ball, E7 0-2: SINGLE (Groundball, 6M, EV 108.1 MPH) Dietmar Warmisch scores
|
|
Batting: LHB Jack Bell
|
0-0: Ball Danny Odom is caught stealing 2nd base 2-6
|
| Bottom of the 6th over - 1 run, 2 hits, 1 error, 0 left on base; Oakland 6 - California 6 |
| TOP OF THE 7TH |
|
Oakland Athletics batting - Pitching for California Angels : RHP Austin Maki
|
|
Batting: RHB Muneo Kawachi
|
0-0: Ball 1-0: SINGLE (Groundball, 56, EV 104.4 MPH) (infield hit)
|
|
Batting: LHB Sakae Kasahara
|
0-0: Ball 1-0: Fielders Choice at 2nd, 3-6 (Groundball, 34, EV 80.6 MPH)
|
|
Batting: SHB Bob Morales
|
0-0: Ball 1-0: Ball 2-0: SINGLE (Groundball, 34D, EV 101.9 MPH) Sakae Kasahara to second Runner from 2nd tries for 3rd, SAFE, no throw by RF
|
|
Batting: RHB Sébastien Piat
|
0-0: Ball 1-0: Ball 2-0: Ball 3-0: Base on Balls Bob Morales to second
|
|
Batting: SHB Robert Handy
|
0-0: Ball 1-0: Grounds into fielders choice 4-2 (Groundball, 34S, EV 73.1 MPH) Bob Morales to third Sébastien Piat to second
|
|
Batting: LHB George Leary
|
0-0: Foul Ball, location: 2F 0-1: Ball 1-1: Called Strike 1-2: Foul Ball, location: 2F 1-2: Foul Ball, location: 2F 1-2: Ball 2-2: Ball 3-2: SINGLE (Groundball, 56, EV 102.5 MPH) Bob Morales scores Sébastien Piat to third Robert Handy to second Sébastien Piat scores Robert Handy to third
|
|
Pitching: RHP Jakub Kvacek
|
|
|
Batting: RHB Justin McQuarter
|
0-0: Called Strike 0-1: Swinging Strike 0-2: Strikes out swinging
|
| Top of the 7th over - 2 runs, 3 hits, 0 errors, 2 left on base; Oakland 8 - California 6 |
| BOTTOM OF THE 7TH |
|
California Angels batting - Pitching for Oakland Athletics : LHP Jamie Tanner
|
|
Batting: LHB Jack Bell
|
0-0: Ball 1-0: Fly out, F7 (Flyball, 7LS, EV 86.3 MPH)
|
|
Batting: LHB Javier Trujillo
|
0-0: Swinging Strike 0-1: Ball 1-1: Ball 2-1: Fly out, F9 (Flyball, 9S, EV 85.0 MPH)
|
|
Batting: RHB Preston Deakyne
|
0-0: Foul Ball, location: 2F 0-1: Ball 1-1: Ball 2-1: Ground out 5-3 (Groundball, 56S, EV 86.9 MPH)
|
| Bottom of the 7th over - 0 runs, 0 hits, 0 errors, 0 left on base; Oakland 8 - California 6 |
| TOP OF THE 8TH |
|
Oakland Athletics batting - Pitching for California Angels : RHP Jakub Kvacek
|
|
Batting: LHB Nate Dean
|
0-0: SOLO HOME RUN (Line Drive, 9LD, EV 95.6 MPH), Distance : 351 ft
|
|
Batting: RHB Danny Murillo
|
0-0: Ball 1-0: Ball 2-0: Ball 3-0: Called Strike 3-1: Ground out 5-3 (Groundball, 56S, EV 80.0 MPH)
|
|
Batting: RHB Muneo Kawachi
|
0-0: Called Strike 0-1: Ball 1-1: Ball 2-1: SINGLE (Groundball, 6D, EV 101.9 MPH)
|
|
Batting: LHB Sakae Kasahara
|
0-0: Grounds into double play, 4-6-3 (Groundball, 4, EV 109.4 MPH)
|
| Top of the 8th over - 1 run, 2 hits, 0 errors, 0 left on base; Oakland 9 - California 6 |
| BOTTOM OF THE 8TH |
|
California Angels batting - Pitching for Oakland Athletics : LHP Jamie Tanner
|
|
Batting: LHB Josh Cook
|
0-0: Ball 1-0: Foul Ball, location: 2F 1-1: Called Strike 1-2: Ball 2-2: Ball 3-2: Foul Ball, location: 2F 3-2: DOUBLE (Groundball, 3L, EV 103.1 MPH)
|
|
Batting: RHB Alain Delhaye
|
0-0: Ball 1-0: Ball Wild Pitch! Josh Cook to third 2-0: Foul Ball, location: 2F 2-1: Called Strike 2-2: Strikes out swinging
|
|
Batting: RHB Dietmar Warmisch
|
0-0: SINGLE (Line Drive, 6D, EV 95.6 MPH) Josh Cook scores
|
|
Batting: RHB Nick Dunn
|
0-0: Ball 1-0: Foul Ball, location: 2F 1-1: SINGLE (Flyball, 34D, EV 93.1 MPH) Dietmar Warmisch to second
|
|
Pitching: RHP John Owens
|
|
|
Batting: RHB Gael Jones
|
0-0: Grounds into double play, 6-4-3 (Groundball, 6, EV 108.1 MPH)
|
| Bottom of the 8th over - 1 run, 3 hits, 0 errors, 1 left on base; Oakland 9 - California 7 |
| TOP OF THE 9TH |
|
Oakland Athletics batting - Pitching for California Angels : RHP Jakub Kvacek
|
|
Batting: SHB Bob Morales
|
0-0: Ball 1-0: Foul Ball, location: 2F 1-1: Ball 2-1: Called Strike 2-2: Strikes out swinging
|
|
Batting: RHB Sébastien Piat
|
0-0: Ball 1-0: Swinging Strike 1-1: Ground out 6-3 (Groundball, 6, EV 83.1 MPH)
|
|
Batting: SHB Robert Handy
|
0-0: Called Strike 0-1: Called Strike 0-2: Strikes out swinging
|
| Top of the 9th over - 0 runs, 0 hits, 0 errors, 0 left on base; Oakland 9 - California 7 |
| BOTTOM OF THE 9TH |
|
California Angels batting - Pitching for Oakland Athletics : RHP John Owens
|
|
Pitching: RHP Kyle Ehret
|
|
|
Batting: RHB Danny Odom
|
0-0: Foul Ball, location: 2F 0-1: Ball 1-1: Called Strike 1-2: Fly out, F8 (Flyball, 8LM, EV 85.6 MPH)
|
|
Batting: LHB Jack Bell
|
0-0: Foul Ball, location: 2F 0-1: Ball 1-1: Ball 2-1: Swinging Strike 2-2: Strikes out swinging
|
|
Batting: LHB Javier Trujillo
|
0-0: Ground out 4-3 (Groundball, 4, EV 91.9 MPH)
|
| Bottom of the 9th over - 0 runs, 0 hits, 0 errors, 0 left on base; Oakland 9 - California 7 |
|